 Dungeon Crawl Stone Soup version 0.31.0-32-g396128a36d (webtiles) character file.

Game seed: 7187259423333694699

3418 Alphaeus the Grappler (level 9, -6/77 (88) HPs)
             Began as a Troll Shapeshifter on Mar 20, 2024.
             Was a Follower of Qazlal.
             Mangled by a wight
             ... wielding a +5 halberd
              (8 damage)
             ... on level 7 of the Dungeon.
             The game lasted 00:07:25 (5553 turns).

Alphaeus the Grappler (Troll Shapeshifter)          Turns: 5553, Time: 00:07:26

HP:   -6/77 (88)    AC:  4    Str: 34    XL:     9   Next: 76%
MP:   8/8           EV:  9    Int:  6    God:    Qazlal [*.....]
Gold: 377           SH:  2    Dex:  9    Spells: 8/8 levels left

rFire   . .          .
                       - Unarmed
rCold   . . .        (no shield)
rNeg    . . .        a - +0 animal skin
rPois   .            (helmet currently unavailable)
rElec   .            (cloak currently unavailable)
rCorr   .            (gloves unavailable)
SInv    +            (boots unavailable)
Will    .....        (no amulet)
Stlth   +            f - +6 ring of strength
HPRegen 1.12/turn    y - ring of see invisible
MPRegen 0.11/turn

%: no passive effects
@: brilliant, beast-form, heavily drained
A: beast (slay +4), large, unfitting armour, claws 3, regeneration 1, shaggy fur
1, tough skin 1
a: Begin Untransformation, Renounce Religion


You were on level 7 of the Dungeon.
You worshipped Qazlal.
Qazlal was aware of your devotion.
You were a hulking beast.
You visited 2 branches of the dungeon, and saw 8 of its levels.
You also visited: Sewer.

You collected 377 gold pieces.

Inventory:

Armour
 a - a +0 animal skin (worn)
Jewellery
 f - a +6 ring of strength (left claw)
 i - an amulet of magic regeneration
 y - a ring of see invisible (right claw)
 B - a +4 ring of slaying
Talismans
 c - a beast talisman
 d - a flux talisman
 q - a talisman of death
 w - a serpent talisman
Wands
 m - a wand of flame (18)
 s - a wand of paralysis (7)
 v - a wand of mindburst (16)
 C - a wand of iceblast (9)
 E - a wand of digging (7)
Scrolls
 e - 2 scrolls of enchant armour {unknown}
 g - 4 scrolls of teleportation {unknown}
 h - 5 scrolls of identify {unknown}
 k - a scroll of fog {unknown}
 l - 2 scrolls of poison {unknown}
 n - 2 scrolls of blinking
 u - a scroll of immolation {unknown}
 x - a scroll of vulnerability {unknown}
 z - a scroll of silence {unknown}
Potions
 b - a potion of lignification
 j - 3 potions of degeneration
 o - a potion of enlightenment {unknown}
 p - 2 potions of mutation {unknown}
 r - 5 potions of brilliance
 t - a potion of experience {unknown}
 A - 3 potions of heal wounds {unknown}
 D - a potion of attraction {unknown}


   Skills:
 + Level 5.1 Fighting
 - Level 1.5 Dodging
 * Level 9.3 Unarmed Combat
 * Level 8.7 Shapeshifting


You had 8 spell levels left.
You didn't know any spells.
Your spell library contained the following spells:

 Spells                   Type           Power      Damage    Failure   Level
 Apportation              Tloc           0%         N/A       45%         1
 Necrotise                Necr           0%         1d4       45%         1
 Sting                    Conj/Alch      0%         1d3       45%         1
 Summon Small Mammal      Summ           0%         N/A       45%         1
 Blink                    Tloc           0%         N/A       58%         2
 Jinxbite                 Hex            0%         N/A       58%         2
 Lesser Beckoning         Tloc           0%         N/A       58%         2
 Momentum Strike          Conj/Tloc      0%         3d8       58%         2
 Anguish                  Hex/Necr       0%         N/A       99%         4
 Cause Fear               Hex            0%         N/A       99%         4
 Alistair's Intoxication  Alch           0%         N/A       100%        5
 Enfeeble                 Hex            0%         N/A       100%        7


Dungeon Overview and Level Annotations

Branches:
Dungeon (7/15)             Temple (1/1) D:6           Sewer (visited)

Altars:
Ashenzari
Cheibriados
Dithmenos
Elyvilon
Fedhas
Gozag
Kikubaaqudgha
Makhleb
Qazlal
Ru
Sif Muna
Trog
Uskayaw
Vehumet
Wu Jian
Xom
Yredelemnul
Zin

Shops:
D:4 [


Innate Abilities, Weirdness & Mutations

You are a hulking beast.
Your limbs bulge with bestial killing power. (Slay +4)
You are too large for most types of armour.
You have claws for hands.
Your natural rate of healing is unusually fast.
You are covered in fur. (AC +1)
You have tough skin. (AC +1)


Message History

You are too injured to fight recklessly!
You are too injured to fight recklessly!
You are too injured to fight recklessly!
You are too injured to fight recklessly!
You are too injured to fight recklessly!
You are too injured to fight recklessly!
You are too injured to fight recklessly!
You are too injured to fight recklessly!
Unknown command.
You are too injured to fight recklessly!
You are too injured to fight recklessly!
You are too injured to fight recklessly!
You are too injured to fight recklessly!
You are too injured to fight recklessly!
You are too injured to fight recklessly!
You are too injured to fight recklessly!
You scratch the wight.
The wight is severely damaged.
You mangle the wight!!
You destroy the wight!
Qazlal accepts your kill.
The wight hits you from afar with a +5 halberd!
You feel drained. The wight closely misses you.
Things that are here:
a +0 great sword; a +0 robe You barely miss the wight.
You claw the wight!
The wight is severely damaged.
The wight hits you with a +5 halberd!
* * * LOW HITPOINT WARNING * * *
You barely miss the wight.
The wight is severely damaged.
The wight hits you with a +5 halberd!
* * * LOW HITPOINT WARNING * * *
You feel drained.
* * * LOW HITPOINT WARNING * * *
It was a potion of brilliance.
You feel clever all of a sudden. The wight hits you with a +5 halberd!
You die...

############'#####
##............P#
#P............##
#####'#########
#$P#P.........#
#PP##.........#
#...##.....####P##
#....##...##......
#.P...##..hz......
#.P..PP##.......#.
#.......###.....#
#......PP.###...#
#..P........###P#
#.............####
##...............####
##P...............P#
# ###..............P#
####


You could see a wight.

Vanquished Creatures
  Eustachio (D:5)
  4 water moccasins
  3 sky beasts
  2 orc warriors
  2 black bears (D:7)
  2 ogres (D:7)
  A phantom (D:5)
  A kobold brigand (D:4)
  A weeping skull (D:4)
  Blork the orc (D:4)
  5 scorpions
  3 bullfrogs
  A gnoll sergeant (D:6)
  2 wights (D:7)
  A crimson imp (D:5)
  2 jellies (D:5)
  4 orc priests
  2 bombardier beetles
  2 gnoll boudas (D:7)
  4 hounds
  4 sleepcaps
  Ijyb (D:5)
  An orc wizard (D:5)
  4 killer bee zombies (D:7)
  12 gnolls
  9 adders
  2 shadow imps (D:7)
  4 ufetubi (D:6)
  12 dart slugs
  A ribbon worm (D:3)
  20 orcs
  15 ball pythons
  8 bats
  10 endoplasms
  13 giant cockroaches
  5 goblins
  11 hobgoblins
  8 jackals
  11 kobolds
  4 quokkas
  9 frilled lizards
  2 rats
  A spectral orc (D:4)
211 creatures vanquished.

Notes
Turn   | Place    | Note
-------+----------+-------------------------------------------
     0 | D:1      | Alphaeus the Troll Shapeshifter began the quest for the
                  | Orb.
     0 | D:1      | Reached XP level 1. HP: 18/18 MP: 0/0
   122 | D:1      | Reached skill level 1 in Fighting
   149 | D:1      | Found a faded altar of an unknown god.
   155 | D:1      | Reached XP level 2. HP: 26/27 MP: 1/1
   686 | D:2      | Reached XP level 3. HP: 33/33 MP: 2/2
  1349 | D:3      | Found a glowing drain.
  1358 | Sewer    | Entered a sewer
  1424 | Sewer    | Reached XP level 4. HP: 37/41 MP: 3/3
  1469 | Sewer    | Reached skill level 4 in Unarmed Combat
  1588 | Sewer    | Noticed a bullfrog
  1605 | Sewer    | HP: 3/63 [bullfrog (3)]
  1620 | Sewer    | Killed a bullfrog
  1621 | Sewer    | Reached XP level 5. HP: 19/49 MP: 4/4
  2325 | D:4      | Reached XP level 6. HP: 57/57 MP: 5/5
  2401 | D:4      | Found Kirsasp's Dragon-Slaying Spoils.
  2463 | D:4      | Found a basalt altar of Yredelemnul.
  2474 | D:4      | Reached skill level 5 in Unarmed Combat
  2680 | D:4      | Noticed Blork the orc
  2684 | D:4      | Killed Blork the orc
  2685 | D:4      | Reached skill level 5 in Shapeshifting
  2773 | D:4      | Reached XP level 7. HP: 50/66 MP: 6/6
  3177 | D:5      | Entered Level 5 of the Dungeon
  3204 | D:5      | Found a snail-covered altar of Cheibriados.
  3268 | D:5      | Reached skill level 6 in Unarmed Combat
  3284 | D:5      | Noticed Ijyb
  3290 | D:5      | Killed Ijyb
  3388 | D:5      | Found a burning altar of Makhleb.
  3388 | D:5      | Found a radiant altar of Vehumet.
  3583 | D:5      | Noticed Eustachio
  3592 | D:5      | Killed Eustachio
  3593 | D:5      | Reached XP level 8. HP: 53/75 MP: 7/7
  3892 | D:6      | Found a staircase to the Ecumenical Temple.
  3922 | D:6      | Reached skill level 7 in Unarmed Combat
  3941 | Temple   | Entered the Ecumenical Temple
  3974 | Temple   | Became a worshipper of Qazlal Stormbringer
  4286 | D:6      | Found a shimmering blue altar of Sif Muna.
  4708 | D:6      | Found an opulent altar of Gozag.
  4708 | D:6      | Found a glowing silver altar of Zin.
  4709 | D:6      | Found an ancient bone altar of Kikubaaqudgha.
  5006 | D:7      | Reached skill level 8 in Unarmed Combat
  5006 | D:7      | Reached XP level 9. HP: 76/84 MP: 8/8
  5177 | D:7      | Found a shadowy altar of Dithmenos.
  5194 | D:7      | Reached * piety under Qazlal
  5401 | D:7      | Reached skill level 9 in Unarmed Combat
  5407 | D:7      | Reached skill level 5 in Fighting
  5552 | D:7      | HP: 3/80 [wight/+5 halberd (16)]
  5552 | D:7      | HP: 1/77 [wight/+5 halberd (2)]
  5553 | D:7      | Mangled by a wight

Illustrated notes

Levels and vault maps discovered:
D:1:      giann_forest_graveyard, layout_basic,
          hellmonk_ecumenical_altar_arch_garden
D:2:      layout_rooms
D:3:      layout_basic, cheibrodos_sewer_entry_drain, serial_forest,
          infiniplex_forest_lined_room_, infiniplex_forest_fountain,
          infiniplex_forest_clump_small, infiniplex_forest_straight_4,
          infiniplex_forest_fountain, infiniplex_forest_corner_2,
          infiniplex_forest_lined_3, nicolae_kite_square_tiling_tiny
D:4:      layout_basic, yredelemnul_forgotten_temple_becter,
          nicolae_shop_dragon_depot, uniq_blork_the_orc
D:5:      corexii_shack_village, layout_basic,
          grunt_temple_overflow_lords_of_destruction,
          mainiacjoe_overflow_small_starburst, uniq_ijyb, uniq_eustachio
D:6:      layout_loops_corners, nicolae_overflow_crystal_walls,
          gammafunk_temple_overflow_claw, minmay_temple_entry_fiery
D:7:      bobbens_index_wilting_gardens, layout_cave_pools,
          mainiacjoe_overflow_paths, minivault_4
Temple:   grunt_temple_mini_profane

Skill      XL: |  1  2  3  4  5  6  7  8  9 |
---------------+----------------------------+-----
Fighting       | 1 2 3 4 5 |  5.1
Unarmed Combat | 4 5 6 8 9 |  9.3
Shapeshifting  | 4 5 6 7 8 |  8.7
Dodging        | |  1.5

Action                     |  1- 3 |  4- 6 |  7- 9 || total
---------------------------+-------+-------+-------++-------
  Melee: Unarmed           |    87 |   172 |   251 ||   510
         Punch             |     1 |     4 |    10 ||    15
    Use: Potion            |       |     4 |     1 ||     5
   Stab: Sleeping          |       |     1 |       ||     1
 Armour: Animal skin       |    77 |    93 |   168 ||   338
         Skin              |       |    56 |       ||    56
  Dodge: Dodged            |    52 |    66 |    90 ||   208
  Block: Other             |       |       |     2 ||     2
